 Dungeon Crawl Stone Soup version 0.31-a0-846-gb3bcc0d938 (webtiles) character file.

Game seed: 13598985041516999322

119802 Gargoyl the Severer (level 16, -2/160 HPs)
             Began as a Gargoyle Berserker on Oct 3, 2023.
             Was a Priest of Trog.
             Killed from afar by a salamander tyrant (45 damage)
             ... with a flame surge
             ... on level 1 of the Snake Pit on Oct 4, 2023.
             The game lasted 00:34:53 (23973 turns).

Gargoyl the Severer (Gargoyle Berserker)           Turns: 23973, Time: 00:34:54

Health: -2/160     AC: 35    Str: 28    XL:     16   Next: 80%
Magic:  16/16      EV: 20    Int:  5    God:    Trog [***...]
Gold:   2491       SH: 13    Dex: 17    Spells: 15/15 levels left

rFire   . . .        G - +3 war axe (flame)
rCold   . . .        k - +0 kite shield
rNeg    + . .        U - +5 scale mail of Perfidy {rCorr Int-4 Dex+2 SInv}
rPois   ∞            H - +1 helmet
rElec   +            Q - +0 cloak
rCorr   +            B - +1 pair of gloves
SInv    +            g - +1 pair of boots
Will    +++..        S - amulet of regeneration Stlth
                     C - +6 ring of strength
HPRegen 2.26/turn    N - +5 ring of evasion
MPRegen 0.15/turn

%: no passive effects
@: berserking, weakened, strong-willed, flying, regenerating, studying Unarmed
Combat, very quick
A: sickness immunity, AC +12, big wings, negative energy resistance 1,
electricity resistance, torment resistance 1, petrification resistance
a: Renounce Religion, Berserk, Trog's Hand


You were on level 1 of the Snake Pit.
You worshipped Trog.
Trog was most pleased with you.
You visited 4 branches of the dungeon, and saw 23 of its levels.
You also visited: Trove and Bailey.

You collected 2644 gold pieces.
You spent 153 gold pieces at shops.

Inventory:

Hand Weapons
 a - a +3 hand axe
 q - a +2 short sword of holy wrath
 w - the +8 hammer "Caoleqal" {freeze, rPois rN+ Str+2}
   (You found it on level 6 of the Dungeon)

   Str+2:     It affects your strength (+2).
   rPois:     It protects you from poison rN+: It protects you from negative
   energy.
 G - a +3 war axe of flaming (weapon)
 L - a +0 war axe of venom
Missiles
 I - 5 curare-tipped darts (quivered)
 P - 2 poisoned darts
Armour
 c - the +6 scale mail of Oshryus {Str+2}
   (You found it on level 2 of the Dungeon)

   Str+2:     It affects your strength (+2).
 g - a +1 pair of boots (worn)
 k - a +0 kite shield (worn)
 B - a +1 pair of gloves (worn)
 H - a +1 helmet (worn)
 Q - a +0 cloak (worn)
 U - the +5 scale mail of Perfidy (worn) {rCorr Int-4 Dex+2 SInv}
   (You found it in a treasure trove)

   Int-4:     It affects your intelligence (-4).
   Dex+2:     It affects your dexterity (+2).
   SInv:      It lets you see invisible.
   rCorr:     It protects you from acid and corrosion.
Jewellery
 C - a +6 ring of strength (left hand)
 N - a +5 ring of evasion (right hand)
 S - an amulet of regeneration (around neck)
Wands
 o - a wand of flame (29)
 r - a wand of charming (20)
 t - a wand of acid (13)
 D - a wand of mindburst (1)
 J - a wand of iceblast (7)
Scrolls
 d - 4 scrolls of vulnerability
 e - 4 scrolls of poison
 f - 4 scrolls of immolation
 i - 8 scrolls of fog
 j - 12 scrolls of identify
 m - a scroll of fear
 p - 6 scrolls of blinking
 s - 2 scrolls of acquirement {unknown}
 x - 16 scrolls of teleportation
 y - 2 scrolls of brand weapon {unknown}
 z - 4 scrolls of noise
 K - a scroll of enchant armour
 R - a scroll of summoning {unknown}
 V - a scroll of torment
Potions
 b - 3 potions of lignification
 h - 3 potions of haste
 l - 2 potions of degeneration
 n - a potion of enlightenment {unknown}
 u - 3 potions of magic
 v - 7 potions of curing
 A - 3 potions of resistance
 E - 2 potions of berserk rage {unknown}
 F - 3 potions of might
 M - 3 potions of mutation {unknown}
 O - 2 potions of heal wounds
 T - a potion of experience {unknown}


   Skills:
 + Level 14.7 Fighting
 + Level 17.2 Axes
 + Level 0.8 Throwing
 + Level 12.1 Armour
 + Level 8.9 Dodging
 + Level 4.2 Stealth
 + Level 13.4 Shields
 + Level 0.1 Evocations


You had 15 spell levels left.
You didn't know any spells.
Your spell library was empty.

Dungeon Overview and Level Annotations

Branches:
Dungeon (15/15)            Temple (0/1) D:7            Lair (5/5) D:11
 Shoals (0/4) Lair:3        Snake (1/4) Lair:2        Slime (0/5) Lair:4
    Orc (2/2) D:10            Elf (0/3) Orc:2        Vaults (0/5) D:14
 Depths (0/4) D:15         Bailey (visited)

Altars:
Ashenzari
Cheibriados
Hepliaklqana
Kikubaaqudgha
Makhleb
Okawaru
Qazlal
Trog
Uskayaw
Yredelemnul
The Shining One
Jiyva
Lugonu

Shops:
D:1 [=[?:   D:10 (   Orc:2 [!:*   Snake:1 =


Innate Abilities, Weirdness & Mutations

You are immune to sickness and miasma.
Your stone body is resilient. (AC +12)
You are immune to poison.
Your large and strong wings let you fly.
You resist negative energy. (rN+)
You are resistant to electric shocks. (rElec)
You are resistant to unholy torment.
You are immune to petrification.


Message History

You block the salamander tyrant's attack.
You block the salamander mystic's attack.
The salamander mystic casts a spell at you.
The lance of force hits you!
You are knocked back by the lance of force.
You collide with the salamander mystic!
The salamander mystic is lightly wounded.
The salamander completely misses you.
The salamander tyrant gazes fiercely through you!
You feel as though you will be weak longer.
The salamander tyrant completely misses you.
You hit the salamander mystic.
The salamander mystic is lightly wounded.
You hit the salamander mystic. You slash the salamander mystic!
You hit the salamander tyrant. You hit the salamander mystic.
The salamander mystic misses you.
The salamander mystic hits you but does no damage.
You block the salamander's attack.
You hit the salamander mystic.
The salamander mystic is moderately wounded.
You hit the salamander tyrant. You hit the salamander mystic. x2
You hit the salamander mystic but do no damage.
The salamander mystic points at you and mumbles some strange words.
You block the lance of force.
The salamander tyrant hits you but does no damage.
The salamander mystic closely misses you.
The salamander mystic hits you with a +2 quarterstaff of distortion.
You are engulfed in flames!!
* * * LOW HITPOINT WARNING * * *
The salamander mystic gestures at you while chanting.
The lance of force hits you but does no damage.
You slash the salamander mystic!
The salamander mystic is heavily wounded.
You barely miss the salamander mystic.
You completely miss the salamander mystic.
You slash the salamander mystic! You hit the salamander tyrant.
The salamander mystic misses you.
The salamander tyrant calls gouts of flame from the lava!
The flame surge hits you!!!
You die...

#####.......
##........## #
##.......#≈
..≈≈##...##...##
###..#§#.§#≈
§..§###..##.....
..'.#§≈≈#.≈#
≈N.§§##..##.....
..'.≈§§§≈.##
...§§##..##.....
=.')#≈≈≈#.§##
≈..§§##..##.....
###..#≈#..#§#####≈.§≈#
#..##..... #
##.).....#≈#N#NN.≈≈#
#..##..... #
##..........N@NN≈#
#..##..... #
##≈#≈#≈#≈#≈#N#≈##
#..'......
############# #
#..##..... #..##.....
######....
#########...
#......##...
#......##...
#......##...


You could see a salamander tyrant (fast), 5 salamander mystics and 2
salamanders.

Vanquished Creatures
  Rupert (D:13)
  Snorg (D:12)
  The ghost of Vontreibholz the Severer, a journeyman HOFi (Lair:1)
  3 fire dragons (D:15)
  Josephine (Lair:4)
  10 hydras
  The ghost of temujin the Eclecticist, a journeyman DECj of Sif Muna (Lair:2)
  2 ogre magi
  6 centaur warriors
  3 anacondas (Snake:1)
  4 catoblepae (Lair:5)
  7 two-headed ogres
  14 death yaks (Lair:5)
  3 boulder beetles
  2 naga warriors (Snake:1)
  An orc high priest (Orc:2)
  A naga sharpshooter (Snake:1)
  A shock serpent (Snake:1)
  A skyshark (Lair:5)
  3 skeletal warriors (D:15)
  Amaemon (Lair:2)
  2 naga ritualists (Snake:1)
  6 orc knights
  10 ugly things
  4 mana vipers (Snake:1)
  A necromancer (Lair:5)
  An orc sorcerer (Orc:2)
  3 deep elf pyromancers
  An oklob plant (D:11)
  6 cyclopes
  4 salamanders (Snake:1)
  5 manticores
  11 elephants
  Joseph (D:8)
  19 black mambas
  3 naga magi (Snake:1)
  An orange demon (Lair:2)
  2 unseen horrors
  3 gargoyles
  9 rime drakes
  10 cane toads
  A yaktaur (D:10)
  A kobold demonologist (D:10)
  Jeremiah (D:9)
  2 freezing wraiths (D:14)
  6 komodo dragons
  A polar bear (Lair:4)
  A merfolk (D:7)
  A queen bee (shapeshifter) (D:14)
  6 trolls
  3 meliai (D:13)
  A hornet (D:8)
  A tarantella (shapeshifter) (D:14)
  12 dream sheep
  20 blink frogs
  Sigmund (D:6)
  9 slime creatures
  A jumping spider (shapeshifter) (D:14)
  A centaur simulacrum (D:14)
  A yak (shapeshifter) (D:14)
  2 shadows
  2 water elementals (D:7)
  3 vampires
  6 wraiths
  3 wyverns
  Grum (D:8)
  77 yaks
  2 steam dragons
  7 basilisks
  4 vampire mosquitoes (D:13)
  Menkaure (D:5)
  A warg (Orc:2)
  5 nagas (Snake:1)
  3 acid dragons
  A hydra simulacrum (Lair:2)
  11 water moccasins
  5 black bears
  38 orc warriors
  Duvessa (D:6)
  2 ice beasts
  A sky beast (D:3)
  11 ogres
  30 centaurs
  15 wolves
  A phantom (D:5)
  A kobold brigand (D:6)
  9 bullfrogs
  2 gnoll sergeants
  3 scorpions
  Dowan (D:6)
  A dream sheep simulacrum (Lair:2)
  A blink frog simulacrum (Lair:2)
  9 wights
  6 killer bees
  An electric eel (D:7)
  A crimson imp (D:11)
  A wyvern simulacrum (Lair:2)
  9 orc priests
  A water moccasin simulacrum (Lair:2)
  8 jellies
  Crazy Yiuf (D:6)
  2 gnoll boudas
  7 hounds
  3 iguanas
  2 sleepcaps
  20 orc wizards
  2 polar bear simulacra (Lair:5)
  A yak simulacrum (Lair:5)
  4 wolf simulacra (Lair:5)
  14 gnolls
  8 adders
  2 shadow imps
  3 white imps
  An ufetubus (D:5)
  An adder zombie (D:3)
  A worm (D:3)
  5 dart slugs
  65 orcs
  6 bats
  3 bat zombies (D:8)
  7 endoplasms (D:1)
  5 giant cockroaches
  10 goblins
  8 hobgoblins
  7 jackals
  12 kobolds
  3 quokkas
  9 ball pythons
  2 frilled lizards
  A giant cockroach zombie (D:3)
  A quokka zombie (D:3)
  4 rats
  A rat zombie (D:8)
  4 river rat simulacra (Lair:5)
  A butterfly (Lair:3)
752 creatures vanquished.

Vanquished Creatures (collateral kills)
  A slime creature (D:13)
1 creature vanquished.

Vanquished Creatures (others)
  A water elemental (D:7)
  2 centaurs
  2 orc wizards (Orc:2)
  2 orcs (Orc:2)
7 creatures vanquished.

Grand Total: 760 creatures vanquished

Notes
Turn   | Place    | Note
-------+----------+-------------------------------------------
     0 | D:1      | Gargoyl the Gargoyle Berserker began the quest for the Orb.
     0 | D:1      | Reached XP level 1. HP: 14/14 MP: 1/1
   138 | D:1      | Reached XP level 2. HP: 15/19 MP: 2/2
   147 | D:1      | Reached skill level 3 in Axes
   199 | D:1      | Found Enoghah's Armour Shop.
   221 | D:1      | Found Efeut's Jewellery Shoppe.
   264 | D:1      | Found Xuosal's Antique Armour Emporium.
   281 | D:1      | Reached XP level 3. HP: 24/24 MP: 3/3
   320 | D:1      | Found Cumpas's Book Emporium.
   368 | D:1      | Found Tiesua's Magic Scroll Boutique.
   718 | D:2      | Identified the +6 scale mail of Oshryus {Str+2}
   841 | D:2      | Reached XP level 4. HP: 26/29 MP: 4/4
   841 | D:2      | Reached ** piety under Trog
   979 | D:2      | Found a broken altar of Ashenzari.
  1195 | D:3      | Noticed a sky beast
  1199 | D:3      | Reached skill level 4 in Axes
  1200 | D:3      | Reached XP level 5. HP: 33/33 MP: 5/5
  1214 | D:3      | Killed a sky beast
  1246 | D:3      | Found a basalt altar of Yredelemnul.
  1334 | D:3      | Reached XP level 6. HP: 39/39 MP: 6/6
  1364 | D:3      | You fall into a shaft and drop 1 floor!
  1616 | D:3      | Found a stormy altar of Qazlal.
  1648 | D:3      | Found an iron altar of Okawaru.
  1930 | D:4      | Noticed a black bear
  1936 | D:4      | Killed a black bear
  1937 | D:4      | Reached skill level 5 in Axes
  2387 | D:5      | Entered Level 5 of the Dungeon
  2389 | D:5      | Noticed Menkaure
  2400 | D:5      | HP: 1/39 [Menkaure (15)]
  2409 | D:5      | Killed Menkaure
  2410 | D:5      | Reached XP level 7. HP: 9/44 MP: 7/7
  2626 | D:5      | Reached skill level 5 in Fighting
  2707 | D:5      | Reached skill level 6 in Axes
  2710 | D:5      | Reached XP level 8. HP: 49/49 MP: 8/8
  2826 | D:5      | Reached *** piety under Trog
  3277 | D:6      | Reached skill level 7 in Axes
  3412 | D:6      | Noticed Dowan
  3413 | D:6      | Noticed Duvessa
  3427 | D:6      | Killed Duvessa
  3428 | D:6      | Reached skill level 5 in Armour
  3428 | D:6      | Killed Dowan
  3460 | D:6      | Noticed Sigmund
  3470 | D:6      | Killed Sigmund
  3471 | D:6      | Reached skill level 1 in Stealth
  3471 | D:6      | Reached XP level 9. HP: 55/55 MP: 9/9
  3594 | D:6      | Reached skill level 8 in Axes
  3859 | D:6      | Identified the +1 hammer "Raisin" {flame, rPois rCorr MP+9}
  3866 | D:6      | Found a runed translucent door.
  3867 | D:6      | Noticed Crazy Yiuf
  4376 | D:6      | Killed Crazy Yiuf
  4378 | D:6      | Identified the +8 hammer "Caoleqal" {freeze, rPois rN+
                  | Str+2}
  4379 | D:6      | Identified the +4 hammer of Laumm {heavy, rElec Stlth+}
  4480 | D:7      | Found a bloodstained altar of Trog.
  4576 | D:7      | Noticed a merfolk
  4592 | D:7      | Killed a merfolk
  4595 | D:7      | Reached skill level 9 in Axes
  4603 | D:7      | Noticed a cyclops
  4630 | D:6      | Reached XP level 10. HP: 57/63 MP: 10/10
  4813 | D:7      | Killed a cyclops
  5074 | D:7      | Found a staircase to the Ecumenical Temple.
  5169 | D:8      | Noticed a two-headed ogre
  5189 | D:8      | HP: 3/63 [two-headed ogre/+0 giant spiked club (9)]
  5190 | D:8      | Killed a two-headed ogre
  5191 | D:8      | Reached skill level 5 in Dodging
  5443 | D:8      | Reached skill level 10 in Axes
  5466 | D:8      | Noticed Grum
  5479 | D:8      | Killed Grum
  5777 | D:8      | Found an ancient bone altar of Kikubaaqudgha.
  6163 | D:8      | Noticed Joseph
  6186 | D:8      | Killed Joseph
  6187 | D:8      | Reached skill level 1 in Shields
  6547 | D:8      | Found a hide-covered altar of Uskayaw.
  6714 | D:9      | Found a snail-covered altar of Cheibriados.
  6731 | D:9      | Reached XP level 11. HP: 68/68 MP: 11/11
  6731 | D:9      | Noticed Jeremiah
  6801 | D:9      | Killed Jeremiah
  6837 | D:9      | Reached skill level 11 in Axes
  7113 | D:9      | Found a burning altar of Makhleb.
  7150 | D:9      | Noticed a purple ugly thing
  7150 | D:9      | Noticed a cyclops
  7150 | D:9      | Noticed a deep elf pyromancer
  7150 | D:9      | Noticed a boulder beetle
  7151 | D:9      | Noticed a tengu warrior
  7160 | D:9      | Noticed a centaur warrior
  7160 | D:9      | Noticed a deep elf pyromancer
  7161 | D:9      | Noticed a wizard
  7535 | D:9      | Upgraded the game from 0.31-a0-845-g9abc20d24f to
                  | 0.31-a0-846-gb3bcc0d938
  7551 | D:10     | Entered Level 10 of the Dungeon
  7559 | D:10     | Found a flagged portal.
  7586 | Bailey   | Entered a bailey
  7763 | Bailey   | Found a large runed translucent door.
  7763 | Bailey   | Found a large runed translucent door.
  7763 | Bailey   | Noticed an orc knight
  7765 | Bailey   | Noticed a deep elf pyromancer
  7781 | Bailey   | Killed an orc knight
  8003 | Bailey   | Killed a deep elf pyromancer
  8012 | Bailey   | Identified the +0 barding of the Prince of Darkness {rPois
                  | rC+ Int+2}
  8395 | D:10     | Noticed a two-headed ogre
  8396 | D:10     | Found a runed translucent door.
  8646 | D:10     | Identified the +8 scale mail "Lilelie" {rElec MP-9 Dex+8
                  | Slay-4}
  8784 | D:10     | Found a hazy altar of Hepliaklqana.
  8838 | D:10     | Found Tiziowub's Weapon Shop.
  8838 | D:10     | Found a staircase to the Orcish Mines.
  8972 | D:10     | Noticed an ogre mage
  8980 | D:10     | Killed an ogre mage
  9134 | D:10     | Noticed a manticore
  9141 | D:10     | Killed a manticore
  9142 | D:10     | Reached skill level 12 in Axes
  9142 | D:10     | Reached XP level 12. HP: 76/76 MP: 12/12
  9237 | D:10     | Noticed a six-headed hydra
  9250 | D:10     | Killed a three-headed hydra
  9338 | D:10     | Reached skill level 5 in Shields
  9616 | D:10     | Killed a two-headed ogre
  9984 | D:11     | Noticed a two-headed ogre
 10001 | D:11     | Killed a two-headed ogre
 10057 | D:11     | Found a staircase to the Lair.
 10316 | D:11     | Reached skill level 10 in Fighting
 10454 | D:11     | Noticed a two-headed ogre
 10458 | D:11     | Killed a two-headed ogre
 11009 | Lair:1   | Entered Level 1 of the Lair of Beasts
 11028 | Lair:1   | Reached skill level 10 in Armour
 11192 | Lair:1   | Found a runed translucent gate.
 11241 | Lair:1   | Found a runed translucent gate.
 11357 | Lair:1   | Found a glowing golden altar of the Shining One.
 11417 | Lair:1   | Reached skill level 13 in Axes
 11417 | Lair:1   | Reached XP level 13. HP: 77/83 MP: 13/13
 11769 | Lair:1   | Found a runed translucent gate.
 11770 | Lair:1   | Noticed Vontreibholz's ghost (journeyman HOFi)
 12137 | Lair:1   | Killed Vontreibholz's ghost
 12326 | Lair:2   | Found a staircase to the Snake Pit.
 12395 | Lair:2   | Noticed Amaemon
 12408 | Lair:2   | Killed Amaemon
 12765 | Lair:2   | Found a runed translucent gate.
 12766 | Lair:2   | Found a runed translucent gate.
 12767 | Lair:2   | Found a runed translucent gate.
 12913 | Lair:2   | Reached skill level 14 in Axes
 13333 | Lair:2   | Noticed temujin's ghost (journeyman DECj)
 13957 | Lair:2   | Killed temujin's ghost
 14143 | Lair:3   | Found a staircase to the Shoals.
 14151 | Lair:3   | Gained mutation: Your large and strong wings let you fly.
                  | [Gargoyle growth]
 14151 | Lair:3   | Reached XP level 14. HP: 87/90 MP: 14/14
 15066 | Lair:4   | Found a staircase to the Slime Pits.
 15141 | Lair:4   | Found a viscous altar of Jiyva.
 15233 | Lair:4   | Noticed Josephine
 15255 | Lair:4   | Killed Josephine
 15260 | Lair:4   | Reached skill level 15 in Axes
 15479 | Lair:4   | Reached **** piety under Trog
 15971 | Lair:5   | Entered Level 5 of the Lair of Beasts
 16083 | Lair:5   | Identified the +5 ring mail of Weightlessness {SInv}
 16871 | Lair:5   | Reached XP level 15. HP: 79/97 MP: 15/15
 16987 | Lair:5   | Reached skill level 16 in Axes
 17038 | Lair:5   | Reached skill level 10 in Shields
 17073 | Lair:5   | Reached ***** piety under Trog
 18531 | D:12     | Noticed Snorg
 18549 | D:12     | Killed Snorg
 19364 | D:13     | Noticed Rupert
 19385 | D:13     | Killed Rupert
 19386 | D:13     | Found a portal to a secret trove of treasure.
 19525 | Trove    | Entered a treasure trove
 19543 | Trove    | Identified the amulet of Joisom {Faith Rampage *Corrode
                  | rElec rPois}
 19547 | Trove    | Identified the amulet of Voasoeh {Spirit rPois}
 19569 | Trove    | Identified the +5 scale mail of Perfidy {rCorr Int-4 Dex+2
                  | SInv}
 19570 | Trove    | Identified the +2 pair of boots of Gehenna {Regen+ Str+5
                  | Slay-6}
 19571 | Trove    | Identified the +1 scale mail "Anyr" {Drain rElec rC+++}
 20005 | D:14     | Identified the +6 great mace of Classification {freeze, Fly
                  | Int+4 Dex-4}
 20123 | D:14     | Found a gate to the Vaults.
 20136 | D:14     | Reached * piety under Trog
 20515 | D:14     | Found a corrupted altar of Lugonu.
 20726 | D:15     | Entered Level 15 of the Dungeon
 20826 | D:15     | Reached XP level 16. HP: 105/105 MP: 16/16
 21230 | D:15     | Found a staircase to the Depths.
 21546 | Orc:1    | Entered Level 1 of the Orcish Mines
 21955 | Orc:2    | Entered Level 2 of the Orcish Mines
 21970 | Orc:2    | Reached skill level 17 in Axes
 22121 | Orc:2    | Found a staircase to the Elven Halls.
 22761 | Orc:2    | Found Zumn's Distillery.
 22761 | Orc:2    | Found Viffiax's Book Emporium.
 22761 | Orc:2    | Found Peetuhua's General Store.
 22764 | Orc:2    | Found Qerit Axkao's Antique Armour Shop.
 22776 | Orc:2    | Bought a cloak for 153 gold pieces
 23070 | Snake:1  | Entered Level 1 of the Snake Pit
 23464 | Snake:1  | Found Mazxis's Jewellery Shoppe.
 23973 | Snake:1  | Killed from afar by a salamander tyrant

Illustrated notes

Levels and vault maps discovered:
D:1:      nagdon_arrival_double_spiral, layout_rooms, serial_shops, shop,
          nicolae_shop_competitors_out_of_business, nicolae_shop_gaudy_bauble,
          nicolae_shop_tiny_waterfront, nicolae_shop_behind_doors,
          amethyst_killhole
D:2:      layout_rooms, basic_altar
D:3:      layout_rooms, okawaru_trees_2, nicolae_yredelemnul_corpse_copse,
          lemuel_crystal_altar, minmay_divided_ellipse
D:4:      layout_basic, serial_corexii_hall, corexii_hall_statues_s,
          corexii_hall_statues_x, corexii_hall_statues_l,
          corexii_hall_statues_i, corexii_hall_statues_i,
          chequers_hall_statues_corner_a
D:5:      layout_cave_pools, columned_hall_lemuel,
          chequers_serial_rivers_large_b, chequers_hall_statues_wall_a,
          uniq_menkaure
D:6:      layout_basic, grunt_ministairs_2, uniq_duvessa,
          uniq_crazy_yiuf_cottage, uniq_sigmund
D:7:      layout_cave_pools, bloody_trog, temple_hall, nicolae_rank_and_phial
D:8:      minmay_general_purpose_star, layout_layer_cave,
          lemuel_zombie_altar_kikubaaqudgha,
          nicolae_uskayaw_murder_on_the_dancefloor, serial_glass,
          glass_columns_b, glass_columns_c, glass_columns_b, glass_columns_c,
          glass_columns_b, glass_columns_a, uniq_grum, uniq_joseph
D:9:      layout_big_octagon, mainiacjoe_overflow_alcove_2,
          kennysheep_mini_moat, minivault_12, uniq_jeremiah
D:10:     layout_irregular_city, nicolae_hepliaklqana_hippocampus, orc_david_3,
          enter_bailey_5, minmay_st_funbox, nrook_uturn, minmay_shattered_shrine
D:11:     layout_basic, dpeg_oklobed_lair, minmay_fire_ice_demons
D:12:     layout_rooms, uniq_snorg
D:13:     layout_roguey, nicolae_trove_entry_crossroad, uniq_rupert
D:14:     lemuel_ice_spiral_2, layout_irregular_city, david_vaults_2,
          nicolae_titane, tgw_lugonu_bribe
D:15:     grunt_enter_depths_hoard, layout_cave_pools, minivault_27,
          st_stairs_12, reono_crystal_passage
Lair:1:   layout_long_grid, gammafunk_ghost_split, basic_altar
Lair:2:   layout_layer_cave, minmay_snake_entry_six_corridors,
          gammafunk_ghost_icy, uniq_amaemon
Lair:3:   layout_cave_pods, minmay_shoals_entry_centaurs, lemuel_fruit_fields
Lair:4:   layout_misc_corridors, nicolae_slime_entry_field_trip,
          lemuel_fruit_fields, serial_bayou_shore_b, uniq_josephine
Lair:5:   evilmike_catoblepas_cave, layout_cave_pods, eino_house_with_fridge,
          grunt_megastairs_2
Snake:1:  cheibrodos_snake_lava_hold, layout_grid_maze, serial_shops,
          nicolae_shop_window_shopping, st_stairs_3, serial_bayou_pond_d
Orc:1:    layout_caves, basic_altar
Orc:2:    st_orc_rangers, layout_diamond_mine

Skill      XL: |  1  2  3  4  5  6  7  8  9 10 11 12 13 14 15 16 |
---------------+-------------------------------------------------+-----
Axes           | 3 4 5 6 7 9 10 12 13 14 15 16 17 | 17.2
Fighting       | 4 5 6 7 8 9 10 11 12 13 14 | 14.7
Dodging        | 2 3 4 5 6 7 8 |  8.9
Armour         | 3 4 5 6 8 9 10 11 12 | 12.1
Stealth        | 1 2 3 4 |  4.2
Shields        | 2 4 6 8 9 11 13 | 13.4
Throwing       | |  0.8
Evocations     | |  0.1

Action                     |  1- 3 |  4- 6 |  7- 9 | 10-12 | 13-15 | 16-18 || total
---------------------------+-------+-------+-------+-------+-------+-------++-------
  Melee: Hand axe          |    68 |   137 |   323 |   429 |       |       ||   957
         Punch             |       |       |     2 |     1 |       |       ||     3
         War axe           |       |       |       |   197 |  1067 |   421 ||  1685
  Throw: Dart              |       |       |       |       |     6 |     1 ||     7
 Invoke: Berserk           |     3 |     3 |    11 |    29 |    12 |     8 ||    66
         Trog's Hand       |       |     2 |     8 |    21 |    15 |     5 ||    51
         Brothers in Arms  |       |       |       |       |     1 |       ||     1
  Evoke: Wand              |       |       |       |     1 |       |       ||     1
    Use: Scroll            |     6 |     6 |     5 |    10 |     2 |     2 ||    31
         Potion            |       |     4 |       |     4 |       |       ||     8
   Stab: Petrified         |       |       |       |       |     5 |       ||     5
 Armour: Animal skin       |    33 |       |       |       |       |       ||    33
         Scale mail        |     8 |   146 |   345 |   637 |   777 |   279 ||  2192
  Dodge: Dodged            |    54 |   102 |   212 |   353 |   555 |   423 ||  1699
  Block: Kite shield       |       |       |       |   281 |   611 |   411 ||  1303

Table legend: (Time is in decaauts)
 A = Elapsed time spent in this place.
 B = Non-inter-level travel time spent in this place.
 C = Inter-level travel time spent in this place.
 D = Time resting spent in this place.
 E = Time spent auto-exploring this place.
 F = Levels seen in this place.
 G = Mean time per level.
                   A        B        C        D        E       F      G
               +--------+--------+--------+--------+--------+-----+--------+
         Total |  24241 |  23206 |   1035 |   1600 |  15972 |  25 |  969.6 |
       Dungeon |  14033 |  13371 |    662 |   1078 |   9027 |  15 |  935.5 |
          Lair |   7308 |   7043 |    265 |    245 |   5352 |   5 | 1461.6 |
     Snake Pit |    869 |    869 |      0 |      0 |    571 |   1 |  869.0 |
  Orcish Mines |   1413 |   1307 |    106 |     72 |    812 |   2 |  706.5 |
         Trove |    105 |    105 |      0 |      0 |     73 |   1 |  105.0 |
        Bailey |    511 |    511 |      0 |    204 |    137 |   1 |  511.0 |
               +--------+--------+--------+--------+--------+-----+--------+

Top non-repeatable levels by time:
  Lair:5: 2308 daAuts
    D:10: 1806 daAuts
  Lair:2: 1780 daAuts
     D:8: 1653 daAuts
    D:11: 1530 daAuts
     D:6: 1308 daAuts
  Lair:1: 1219 daAuts
  Lair:3: 1018 daAuts
   Orc:2: 1000 daAuts
  Lair:4: 981 daAuts
     D:7: 891 daAuts
 Snake:1: 869 daAuts
     D:5: 860 daAuts
    D:12: 838 daAuts
    D:14: 775 daAuts
